 Dungeon Crawl Stone Soup version 0.24.0-10-g970556be89 (webtiles) character file.

Game seed: 15929735414625585162, levelgen mode: deterministic

2901 Curus the Bludgeoner (level 9, -8/77 HPs)
             Began as a Minotaur Fighter on Nov 4, 2019.
             Was a Priest of Makhleb.
             Killed from afar by Erica (32 damage)
             ... with a bolt of poison
             ... on level 8 of the Dungeon.
             The game lasted 00:26:54 (5326 turns).

Curus the Bludgeoner (Minotaur Fighter)             Turns: 5326, Time: 00:26:54

Health: -8/77      AC: 15    Str: 25    XL:     9   Next: 49%
Magic:  7/7        EV:  4    Int: 10    God:    Makhleb [***...]
Gold:   20         SH: 12    Dex: 12    Spells: 8/8 levels left

rFire    . . .     SeeInvis .   v - +0 morningstar
rCold    . . .     Gourm    .   c - +2 shield
rNeg     . . .     Faith    .   s - +0 plate armour
rPois    .         Spirit   .   o - +2 hat
rElec    .         Reflect  .   g - +0 cloak
rCorr    .         Harm     .   (no gloves)
MR       .....                  w - +0 pair of boots
Stlth    ..........             e - amulet of regeneration
HPRegen  0.62/turn              m - +3 ring of intelligence
MPRegen  0.10/turn              (no ring)

@: mighty, lethally poisoned (-8 -> -16)
A: retaliatory headbutt, claws 1, horns 2, low mp 1, robust 1
a: Minor Destruction, Lesser Servant of Makhleb, Renounce Religion


You were on level 8 of the Dungeon.
You worshipped Makhleb.
Makhleb was most pleased with you.
You were hungry.

You visited 1 branch of the dungeon, and saw 8 of its levels.

You collected 384 gold pieces.
You spent 364 gold pieces at shops.

Inventory:

Hand Weapons
 a - a +0 flail
 i - a +4 flail of crushing
 v - a +0 morningstar (weapon)
Armour
 b - a +0 scale mail
 c - a +2 shield (worn)
 g - a +0 cloak (worn)
 o - a +2 hat (worn)
 p - a +0 chain mail
 s - a +0 plate armour (worn)
 w - a +0 pair of boots (worn)
Jewellery
 e - an amulet of regeneration (around neck)
 m - a +3 ring of intelligence (left claw)
 r - an uncursed ring of attention
Wands
 h - a wand of scattershot (2)
 u - a wand of flame (10)
Scrolls
 d - 12 scrolls of identify
 k - 5 scrolls of remove curse
 t - a scroll of teleportation
Potions
 j - a potion of flight
 l - 2 potions of heal wounds
 n - 4 potions of curing
 q - a potion of brilliance
Comestibles
 f - 15 rations


   Skills:
 - Level 3.6 Fighting
 + Level 15.0 Maces & Flails
 - Level 3.6 Armour
 - Level 3.6 Shields


You had 8 spell levels left.
You didn't know any spells.
Your spell library was empty.

Dungeon Overview and Level Annotations

Branches:
Dungeon (8/15)             Temple (0/1) D:6
   Lair: D:8-11

Altars:
Cheibriados
Dithmenos
Fedhas
Kikubaaqudgha
Makhleb
Nemelex Xobeh
Sif Muna
Vehumet
Xom
Yredelemnul
The Shining One

Shops:
D:5 }   D:6 [%[%   D:7 *

Annotations:
D:3 2 transporters
D:8 Erica


Innate Abilities, Weirdness & Mutations

You reflexively headbutt those who attack you in melee.
You have a pair of horns on your head.
You have sharp fingernails.
Your magical capacity is low. (-10% MP)
You are robust. (+10% HP)


Message History

Something burns you.
* * * LOW HITPOINT WARNING * * *
You miss something. Something hits you but does no damage.
You miss something. You headbutt something.
You feel sick. Something hits you.
* * * LOW HITPOINT WARNING * * *
Something burns you.
* * * LOW HITPOINT WARNING * * *
You feel much better.
You feel sick.
You miss something. Something hits you but does no damage.
You sock something! Your headbutt misses something.
You feel sick. Something hits you but does no damage.
You miss something. Your headbutt misses something.
Something hits you but does no damage.
You closely miss something.
You feel sick.
You closely miss something. Your headbutt misses something.
You hear some strange, mumbled words.
A bolt of poison appears from out of thin air!
The bolt of poison hits you!!
You are more poisoned.
You die...

#..# #..#
#..# ..#
..#
.!.####.#
.......>#
####.#
#<@{)#
######


There were no monsters in sight!

Vanquished Creatures
  A yak (D:6)
  Eustachio (D:5)
  Menkaure (D:7)
  An orc warrior (D:6)
  3 ogres
  A phantom (D:7)
  2 black bears
  3 centaurs
  A bullfrog (D:7)
  A scorpion (D:6)
  A wight (D:6)
  2 howler monkeys (D:7)
  6 crimson imps
  A bullfrog zombie (D:7)
  A quasit (D:7)
  5 hounds
  A centaur skeleton (D:5)
  3 orc priests
  A jelly (D:6)
  5 orc wizards
  3 iguanas
  Terence (D:2)
  7 worker ants
  A hound zombie (D:5)
  A hound skeleton (D:7)
  A howler monkey skeleton (D:4)
  Robin (D:2)
  7 gnolls
  12 adders
  3 oozes
  2 adder zombies
  An adder skeleton (D:4)
  4 worms
  3 dart slugs
  2 leopard geckos
  22 orcs
  7 bats
  5 giant cockroaches
  15 goblins
  24 hobgoblins
  11 jackals
  11 kobolds
  2 quokkas
  A ball python (D:1)
  4 frilled lizards
  10 rats
202 creatures vanquished.

Notes
Turn   | Place    | Note
-------+----------+-------------------------------------------
     0 | D:1      | Curus the Minotaur Fighter began the quest for the Orb.
     0 | D:1      | Reached XP level 1. HP: 19/19 MP: 0/0
    44 | D:1      | Reached skill level 3 in Maces & Flails
    44 | D:1      | Reached XP level 2. HP: 24/26 MP: 1/1
   111 | D:1      | Reached skill level 4 in Maces & Flails
   167 | D:1      | Reached XP level 3. HP: 27/31 MP: 2/2
   358 | D:1      | Found a sparkling altar of Nemelex Xobeh.
   697 | D:2      | Reached skill level 5 in Maces & Flails
   713 | D:1      | HP: 1/31 [worker ant (3)]
   716 | D:1      | Reached XP level 4. HP: 6/39 MP: 3/3
  1241 | D:2      | Gained mutation: You have sharp fingernails. [potion of
                  | mutation]
  1241 | D:2      | Gained mutation: Your magical capacity is low. (-10% MP)
                  | [potion of mutation]
  1241 | D:2      | Gained mutation: You are robust. (+10% HP) [potion of
                  | mutation]
  1287 | D:2      | Noticed Robin
  1304 | D:2      | Killed Robin
  1304 | D:2      | Reached skill level 6 in Maces & Flails
  1501 | D:2      | Noticed Terence
  1509 | D:2      | Killed Terence
  1509 | D:2      | Reached XP level 5. HP: 43/49 MP: 3/3
  1997 | D:3      | Reached skill level 7 in Maces & Flails
  2125 | D:3      | Found a transporter.
  2142 | D:3      | Found a transporter.
  2293 | D:3      | Reached XP level 6. HP: 47/56 MP: 4/4
  2394 | D:3      | Found a snail-covered altar of Cheibriados.
  2696 | D:4      | Reached skill level 8 in Maces & Flails
  3026 | D:4      | Found a shadowy altar of Dithmenos.
  3026 | D:4      | Found a glowing golden altar of the Shining One.
  3027 | D:4      | Found a basalt altar of Yredelemnul.
  3279 | D:4      | Found a burning altar of Makhleb.
  3284 | D:4      | Became a worshipper of Makhleb the Destroyer
  3351 | D:5      | Entered Level 5 of the Dungeon
  3412 | D:5      | Reached skill level 9 in Maces & Flails
  3454 | D:5      | Reached XP level 7. HP: 48/62 MP: 5/5
  3461 | D:5      | Found an ancient bone altar of Kikubaaqudgha.
  3461 | D:5      | Found a blossoming altar of Fedhas.
  3559 | D:5      | Reached skill level 10 in Maces & Flails
  3565 | D:5      | Found Nogrun's Gadget Shoppe.
  3566 | D:5      | Noticed Eustachio
  3584 | D:5      | Killed Eustachio
  3692 | D:5      | Reached * piety under Makhleb
  3876 | D:5      | Reached skill level 11 in Maces & Flails
  3908 | D:6      | Reached XP level 8. HP: 68/70 MP: 6/6
  3936 | D:6      | Found Tiutum's Antique Armour Shop.
  3998 | D:6      | Bought a glowing hat for 224 gold pieces
  4023 | D:6      | Found Cinoupiwk's Food Shop.
  4029 | D:6      | Found Lohuw's Antique Armour Boutique.
  4074 | D:6      | Found a shimmering blue altar of Sif Muna.
  4111 | D:6      | Found Setidiomn's Food Boutique.
  4157 | D:6      | Reached skill level 12 in Maces & Flails
  4202 | D:6      | Found a shimmering altar of Xom.
  4235 | D:6      | Found a staircase to the Ecumenical Temple.
  4295 | D:6      | Reached skill level 13 in Maces & Flails
  4430 | D:6      | Reached ** piety under Makhleb
  4612 | D:7      | Found a shimmering altar of Xom.
  4636 | D:7      | Found a radiant altar of Vehumet.
  4648 | D:7      | Reached XP level 9. HP: 66/77 MP: 7/7
  4708 | D:7      | Reached skill level 14 in Maces & Flails
  4774 | D:7      | Noticed Menkaure
  4782 | D:7      | Killed Menkaure
  5008 | D:7      | Found Leur Kut's General Store.
  5016 | D:7      | Bought 2 potions of heal wounds for 140 gold pieces
  5281 | D:8      | Noticed Erica
  5295 | D:8      | Reached *** piety under Makhleb
  5295 | D:8      | Reached skill level 15 in Maces & Flails
  5326 | D:8      | Killed from afar by Erica

Levels and vault maps discovered:
D:1:      erik_arrival_gehennom, layout_basic, dk_noncrumbling_4,
          nemelex_xobeh_ov_fountains_minmay
D:2:      layout_basic, uniq_terence, uniq_robin
D:3:      gammafunk_wand_slinger, layout_basic, kennysheep_slug_shrine
D:4:      layout_loops_ring, minitemple, lightli_temple_of_fire, first_ration
D:5:      layout_gridville, grunt_temple_overflow_growth_and_decay,
          serial_shops, shop, uniq_eustachio
D:6:      layout_rooms, marbit_many_paths, minmay_temple_entry_large_hall,
          basic_altar, serial_shops, shop, shop, nicolae_shop_waterfront,
          shop_fountains, minmay_fractal_squares_gapless_5
D:7:      corexii_shantytown, layout_cave_pools, general_overflow_altar,
          overflow_temple_1_default, serial_shops, shop, serial_bayou_crossing,
          uniq_menkaure
D:8:      layout_basic, serial_shops, shop, shop, nicolae_shop_waterfront, shop,
          shop, blue_anna_alchemist [blue_anna_fruit_fields,
          blue_anna_fruit_fields], small_statue_intersection,
          lemuel_angel_altar, uniq_grum, uniq_erica

Skill      XL: |  1  2  3  4  5  6  7  8  9 |
---------------+----------------------------+-----
Maces & Flails | 3 4 5 6 7 9 11 13 15 | 15.0
Fighting       | |  3.6
Armour         | |  3.6
Shields        | |  3.6

Action                   |  1- 3 |  4- 6 |  7- 9 || total
-------------------------+-------+-------+-------++-------
Melee: Flail             |    96 |   164 |   173 ||   433
       Headbutt          |    14 |    29 |    49 ||    92
       Morningstar       |       |       |   153 ||   153
Evoke: Wand              |       |       |     3 ||     3
  Use: Potion            |     5 |     3 |     7 ||    15
       Scroll            |       |     8 |     5 ||    13
  Eat: Chunk             |       |     8 |     6 ||    14
Armor: Scale mail        |    41 |    83 |     4 ||   128
       Chain mail        |       |       |    33 ||    33
       Plate armour      |       |       |    96 ||    96
Dodge: Dodged            |    34 |    42 |    51 ||   127
Block: Shield            |    52 |    86 |   124 ||   262
